 Dungeon Crawl Stone Soup version 0.22.0-13-g43fe8f2 (webtiles) character file.

230 mopl the Chucker (level 5, 0/50 HPs)
             Began as a Troll Hunter on Aug 16, 2018.
             Killed by nerve-wracking pain
             ... invoked by an orc priest
              (8 damage)
             ... on level 5 of the Dungeon.
             The game lasted 00:03:42 (2835 turns).

mopl the Chucker (Troll Hunter)                     Turns: 2835, Time: 00:03:43

Health: 0/50       AC:  5    Str: 20    XL:     5   Next: 72%
Magic:  4/4        EV: 10    Int:  7    God:
Gold:   160        SH:  0    Dex: 11    Spells: 4/4 levels left

rFire    . . .     SeeInvis .     - Unarmed
rCold    . . .     Gourm    +   (no shield)
rNeg     . . .     Faith    .   b - +0 robe
rPois    .         Spirit   .   (helmet restricted)
rElec    .         Reflect  .   (no cloak)
rCorr    .         Harm     .   (gloves unavailable)
MR       .....                  (boots unavailable)
Stlth    +.........             (no amulet)
HPRegen  0.56/turn              (no ring)
MPRegen  0.09/turn              (no ring)

@: no status effects
A: large, unfitting armour, claws 3, fast metabolism 3, gourmand, regeneration
1, shaggy fur 1, tough skin 2
a: no special abilities


You were on level 5 of the Dungeon.
You were very full.

You visited 1 branch of the dungeon, and saw 5 of its levels.

You collected 160 gold pieces.

Inventory:

Missiles
 c - 8 large rocks (quivered)
 d - 2 throwing nets
 g - 6 javelins
 h - 20 poisoned needles
Armour
 b - a +0 robe (worn)
Wands
 u - a wand of random effects (24)
Scrolls
 a - a scroll of enchant weapon {unknown}
 j - 3 scrolls of teleportation
 q - 2 scrolls of remove curse {unknown}
 r - 2 scrolls of enchant armour {unknown}
 s - a scroll of amnesia {unknown}
 t - a scroll of random uselessness {unknown}
 v - a scroll of fear {unknown}
Potions
 e - a potion of haste
 i - a potion of ambrosia
 k - 4 potions of curing {unknown}
 l - 2 potions of mutation {unknown}
 m - 3 potions of agility {unknown}
 n - 2 potions of heal wounds {unknown}
 p - 2 potions of flight
Comestibles
 f - 9 rations
 o - 3 chunks of flesh


   Skills:
 + Level 2.7 Fighting
 + Level 4.4 Throwing
 - Level 1.5 Dodging
 - Level 0.3 Stealth
 * Level 3.9 Unarmed Combat


You had 4 spell levels left.
You didn't know any spells.
Your spell library was empty.

Dungeon Overview and Level Annotations

Branches:
Dungeon (5/15)
 Temple: D:4-7

Altars:
Ashenzari
Fedhas
Xom


Innate Abilities, Weirdness & Mutations

You are too large for most types of armour.
You have claws for hands.
Your metabolism is lightning-fast.
You like to eat raw meat.
Your natural rate of healing is unusually fast.
You are covered in fur. (AC +1)
You have very tough skin. (AC +2)


Message History

The orc wizard blinks!
The orc priest calls down the wrath of Beogh upon you.
Beogh smites you! The orc priest barely misses you.
You closely miss the orc. The orc closely misses you.
You scratch the orc but do no damage. Your claw misses the orc.
The orc priest completely misses you. The orc barely misses you.
The orc priest hits you with a mace!
* * * LOW HITPOINT WARNING * * *
Unknown command.
You scratch the orc.
The orc is moderately wounded.
The orc priest hits you from afar with a trident of protection.
* * * LOW HITPOINT WARNING * * *
The orc closely misses you.
Unknown command.
You barely miss the orc.
The orc is moderately wounded.
The orc priest mumbles some strange prayers to Beogh against you.
Pain shoots through your body!
You die...

##################
.............o..o#
........o.>#####o#
####...........#@#
#.#########.#o####
#.# ........o.).<#
#.# .######.#.####
#.# #.#.# #.#
#.#.# #.# #.#.#
#.# #.#.# #.#
..#.#


You could see 2 orc priests, an orc wizard and an orc.

Vanquished Creatures
  3 orc wizards
  2 hound skeletons
  2 adders (D:4)
  An ooze (D:1)
  An adder skeleton (D:4)
  8 dart slugs
  8 orcs
  6 bats
  4 giant cockroaches
  10 goblins
  2 hobgoblins
  6 jackals (D:4)
  11 kobolds
  2 quokkas (D:3)
  A ball python (D:2)
  3 frilled lizards
  12 rats
  A butterfly (D:3)
83 creatures vanquished.

Notes
Turn   | Place    | Note
-------+----------+-------------------------------------------
     0 | D:1      | mopl the Troll Hunter began the quest for the Orb.
     0 | D:1      | Reached XP level 1. HP: 19/19 MP: 0/0
    49 | D:1      | Reached skill level 1 in Unarmed Combat
    82 | D:1      | Reached XP level 2. HP: 28/28 MP: 1/1
   317 | D:1      | Reached skill level 2 in Fighting
   317 | D:1      | Reached XP level 3. HP: 35/35 MP: 2/2
   539 | D:1      | Reached skill level 2 in Unarmed Combat
   950 | D:2      | Reached skill level 4 in Throwing
  1079 | D:2      | Found a shattered altar of Ashenzari.
  1302 | D:3      | Reached XP level 4. HP: 42/42 MP: 3/3
  1565 | D:3      | Found a shimmering altar of Xom.
  2221 | D:4      | Found a blossoming altar of Fedhas.
  2233 | D:4      | Reached skill level 3 in Unarmed Combat
  2304 | D:4      | Reached XP level 5. HP: 40/50 MP: 4/4
  2757 | D:5      | Entered Level 5 of the Dungeon
  2835 | D:5      | Killed from afar by an orc priest

Skill      XL: |  1  2  3  4 |
---------------+-------------+-----
Unarmed Combat | 1 2 3 |  3.9
Fighting       | 2 |  2.7
Throwing       | 4 |  4.4
Dodging        | |  1.5
Stealth        | |  0.3

Action                   |  1- 3 |  4- 6 || total
-------------------------+-------+-------++-------
Melee: Unarmed           |   107 |   111 ||   218
       Short sword       |     5 |       ||     5
       Punch             |     3 |       ||     3
  Use: Scroll            |       |     4 ||     4
 Stab: Sleeping          |     4 |       ||     4
  Eat: Chunk             |    16 |    15 ||    31
Armor: Robe              |    51 |    34 ||    85
Dodge: Dodged            |    55 |    60 ||   115
